General information
- name: BNet
- type: Ladder 1vs1/FFA
- host: Battle.net
- saver: BEAR_AND
map: EchoIsles
- players: 2
- length: 61:51
- speed: Fast
- version: 1.27 W3XP
- replay type:

» download(206 KB)
Players
team 1 (loser)
gtwhatever (
red | 31 APM | 1898 actions | 61:50)
4 Mountain King
1 Thunder Clap
2 Storm Bolt
1 Bash
3 Archmage
1 Summon Water Elemental
2 Brilliance Aura
2 Blood Mage
1 Flame Strike
1 Banish
» actions
| Assign group hotkey | 5 | |
| Basic commands | 12 | |
| Build / train | 96 | |
| ESC pressed | 2 | |
| Enter build submenu | 27 | |
| Enter hero's abilities submenu | 9 | |
| Right click | 1081 | |
| Select / deselect | 565 | |
| Select group hotkey | 3 | |
| Use ability | 98 | |
1898 total
» units
| Peasant | 21 | |
| Footman | 1 | |
| Rifleman | 9 | |
| Ogre Mauler | 1 | |
| Mortar Team | 15 | |
| Priest | 6 | |
| Sorceress | 1 | |
| Siege Engine | 8 | |
62 total
» upgrades
| Gunpowder | 3 | |
| Armor | 3 | |
| Plating | 3 | |
| Masonry | 3 | |
| Long Rifles | 1 | |
| Priest Training | 2 | |
| Barrage | 1 | |
16 total
» buildings
| Altar of Kings | 1 | |
| Farm | 15 | |
| Barracks | 1 | |
| Blacksmith | 1 | |
| Scout Tower | 1 | |
| Keep | 1 | |
| Lumber Mill | 1 | |
| Guard Tower | 1 | |
| Arcane Sanctum | 1 | |
| Workshop | 1 | |
| Castle | 1 | |
| Town Hall | 1 | |
26 total
» build order
00:11 Altar of Kings
00:24 Farm
01:00 Farm
01:21 Barracks
01:37 Blacksmith
02:02 Farm
02:32 Farm
03:18 Scout Tower
03:48 Keep
04:02 Lumber Mill
04:50 Farm
05:06 Guard Tower
06:03 Farm
07:00 Arcane Sanctum
08:18 Farm
08:40 Workshop
09:26 Farm
09:50 Farm
12:16 Castle
13:03 Town Hall
20:30 Farm
21:15 Farm
21:55 Farm
22:44 Farm
39:53 Farm
41:25 Farm
» items
| Talisman of Evasion | 2 | |
| Potion of Lesser Invulnerability | 1 | |
3 total
team 2 (winner)
BEAR_AND (
orange | 137 APM | 8488 actions | 61:51)
6 Archmage
2 Summon Water Elemental
2 Brilliance Aura
2 Blizzard
5 Mountain King
3 Storm Bolt
2 Bash
4 Paladin
2 Holy Light
2 Divine Shield
» actions
| Assign group hotkey | 39 | |
| Basic commands | 84 | |
| Build / train | 199 | |
| Enter build submenu | 61 | |
| Enter hero's abilities submenu | 16 | |
| Give item / drop item | 10 | |
| Right click | 5415 | |
| Select / deselect | 1410 | |
| Select group hotkey | 739 | |
| Use ability | 515 | |
8488 total
» units
| Peasant | 18 | |
| Priest | 1 | |
| Dragonhawk Rider | 5 | |
| Sorceress | 1 | |
25 total
» upgrades
| Masonry | 3 | |
| Lumber Harvesting | 2 | |
| Magic Sentry | 1 | |
| Swords | 3 | |
| Armor | 3 | |
| Animal War Training | 1 | |
| Sorceress Training | 2 | |
| Priest Training | 2 | |
| Cloud | 1 | |
| Storm Hammers | 1 | |
| Backpack | 1 | |
20 total
» buildings
| Altar of Kings | 1 | |
| Farm | 11 | |
| Scout Tower | 102 | |
| Lumber Mill | 2 | |
| Arcane Vault | 2 | |
| Arcane Tower | 13 | |
| Guard Tower | 83 | |
| Keep | 3 | |
| Town Hall | 1 | |
| Castle | 1 | |
| Arcane Sanctum | 1 | |
| Gryphon Aviary | 1 | |
| Blacksmith | 1 | |
| Barracks | 1 | |
223 total
» build order
00:08 Altar of Kings
00:20 Farm
00:44 Farm
01:06 Scout Tower
01:18 Lumber Mill
01:24 Lumber Mill
01:30 Arcane Vault
01:54 Arcane Tower
01:55 Scout Tower
01:56 Scout Tower
02:06 Farm
02:22 Scout Tower
02:50 Guard Tower
02:55 Guard Tower
03:17 Scout Tower
03:18 Scout Tower
03:48 Guard Tower
03:52 Keep
03:52 Keep
04:19 Guard Tower
04:35 Farm
05:43 Town Hall
05:49 Scout Tower
05:50 Scout Tower
05:50 Scout Tower
05:51 Scout Tower
05:52 Scout Tower
05:53 Scout Tower
05:54 Scout Tower
05:54 Scout Tower
05:55 Scout Tower
05:55 Scout Tower
06:32 Guard Tower
06:33 Arcane Tower
06:33 Arcane Tower
06:33 Arcane Tower
06:35 Scout Tower
06:36 Scout Tower
06:36 Scout Tower
06:45 Guard Tower
06:48 Guard Tower
06:48 Guard Tower
06:49 Guard Tower
07:12 Guard Tower
07:12 Guard Tower
07:17 Scout Tower
07:18 Scout Tower
07:19 Scout Tower
07:47 Guard Tower
07:47 Guard Tower
08:27 Castle
08:29 Guard Tower
08:29 Guard Tower
08:29 Guard Tower
09:32 Arcane Sanctum
09:53 Scout Tower
09:53 Scout Tower
09:54 Scout Tower
09:54 Scout Tower
10:02 Scout Tower
10:03 Scout Tower
10:04 Scout Tower
10:04 Scout Tower
10:06 Scout Tower
10:08 Scout Tower
10:08 Scout Tower
10:09 Scout Tower
10:12 Scout Tower
10:12 Scout Tower
10:13 Scout Tower
10:24 Guard Tower
10:32 Farm
10:33 Farm
10:34 Farm
10:45 Guard Tower
11:53 Guard Tower
11:53 Guard Tower
11:54 Guard Tower
11:55 Guard Tower
11:55 Guard Tower
11:55 Guard Tower
11:56 Guard Tower
12:08 Gryphon Aviary
12:11 Blacksmith
12:13 Barracks
12:16 Guard Tower
13:00 Guard Tower
13:17 Guard Tower
13:19 Scout Tower
13:19 Scout Tower
13:21 Scout Tower
13:50 Scout Tower
13:51 Scout Tower
13:51 Scout Tower
13:52 Scout Tower
14:14 Guard Tower
14:14 Guard Tower
14:39 Guard Tower
14:48 Guard Tower
14:49 Guard Tower
14:51 Scout Tower
14:52 Scout Tower
14:52 Scout Tower
14:52 Scout Tower
15:07 Arcane Vault
15:15 Guard Tower
15:18 Scout Tower
15:18 Scout Tower
15:19 Scout Tower
15:54 Guard Tower
17:28 Guard Tower
17:34 Scout Tower
17:34 Scout Tower
17:35 Scout Tower
17:43 Guard Tower
18:36 Guard Tower
18:38 Scout Tower
18:49 Guard Tower
18:49 Guard Tower
18:50 Guard Tower
19:04 Arcane Tower
19:10 Arcane Tower
20:20 Scout Tower
20:22 Scout Tower
20:22 Scout Tower
20:23 Scout Tower
21:16 Guard Tower
21:22 Scout Tower
21:23 Scout Tower
21:25 Scout Tower
21:26 Scout Tower
21:57 Guard Tower
22:34 Guard Tower
22:34 Guard Tower
22:34 Guard Tower
22:35 Guard Tower
22:38 Scout Tower
22:39 Scout Tower
22:40 Scout Tower
22:41 Scout Tower
22:41 Scout Tower
22:44 Guard Tower
22:44 Guard Tower
23:19 Arcane Tower
24:56 Arcane Tower
24:57 Guard Tower
24:57 Guard Tower
24:57 Guard Tower
25:41 Scout Tower
25:42 Scout Tower
25:43 Scout Tower
25:43 Scout Tower
25:44 Scout Tower
25:44 Scout Tower
25:46 Scout Tower
25:46 Scout Tower
25:49 Scout Tower
25:49 Scout Tower
25:51 Scout Tower
25:52 Scout Tower
25:53 Scout Tower
26:21 Guard Tower
26:23 Guard Tower
26:24 Guard Tower
26:24 Guard Tower
27:31 Guard Tower
27:31 Guard Tower
27:32 Guard Tower
28:21 Guard Tower
28:21 Guard Tower
28:46 Guard Tower
29:15 Guard Tower
32:07 Guard Tower
32:10 Scout Tower
32:11 Scout Tower
32:13 Scout Tower
32:13 Scout Tower
34:19 Guard Tower
34:20 Guard Tower
34:21 Guard Tower
36:01 Scout Tower
36:02 Scout Tower
36:03 Scout Tower
36:03 Scout Tower
36:35 Arcane Tower
37:08 Arcane Tower
37:40 Farm
37:40 Farm
37:41 Farm
37:41 Farm
38:39 Arcane Tower
38:39 Arcane Tower
59:04 Scout Tower
59:04 Scout Tower
59:05 Scout Tower
59:05 Scout Tower
59:06 Scout Tower
59:06 Scout Tower
59:06 Scout Tower
59:07 Scout Tower
59:07 Scout Tower
59:09 Scout Tower
59:09 Scout Tower
59:40 Guard Tower
59:40 Guard Tower
59:41 Guard Tower
60:08 Guard Tower
60:09 Guard Tower
60:49 Guard Tower
60:58 Guard Tower
60:58 Guard Tower
60:58 Guard Tower
61:05 Scout Tower
61:06 Scout Tower
» items
| Scroll of Regeneration | 1 | |
| Lesser Clarity Potion | 3 | |
| Boots of Speed | 2 | |
| Staff of Teleportation | 3 | |
| Potion of Healing | 2 | |
| Staff of Sanctuary | 4 | |
| Orb of Fire | 2 | |
| Tome of Retraining | 1 | |
| Claws of Attack +9 | 2 | |
| Pendant of Energy | 1 | |
21 total
Chat log
(00:28 / All) BEAR_AND: hi
(00:32 / All) gtwhatever: hi
(00:39 / All) BEAR_AND: gl
(00:50 / All) gtwhatever: u2
(11:57 / All) BEAR_AND: eheh
(17:25 / All) BEAR_AND: hehhe
(19:49 / All) BEAR_AND: poof
(22:59 / All) BEAR_AND: sorry for that
(23:01 / All) BEAR_AND: bad play by me
(23:07 / All) BEAR_AND: beneath my standards
(24:24 / All) BEAR_AND: lol
(25:30 / All) BEAR_AND: }hahah nice
(25:57 / All) gtwhatever: have you ever won a game with these towers?
(26:04 / All) BEAR_AND: good question...
(26:13 / All) BEAR_AND: let's see if i win this one
(26:17 / All) BEAR_AND: do you think you're going to win>?
(26:47 / All) gtwhatever: I see no reason not to
(26:56 / All) BEAR_AND: ok how's it going to play out?
(27:00 / All) BEAR_AND: you'll kill all my towers?
(27:19 / All) gtwhatever: waita few
(27:22 / All) BEAR_AND: K
(31:33 / All) BEAR_AND: bad play
(31:41 / All) BEAR_AND: what are you going for
(37:23 / All) BEAR_AND: u got me
(41:44 / All) BEAR_AND: are you winning
(41:51 / All) gtwhatever: yeah
(42:39 / All) BEAR_AND: lol
(42:53 / All) BEAR_AND: hahah nice
(43:28 / All) BEAR_AND: you're still making siege....
(48:36 / All) BEAR_AND: ready 2 lose
(48:38 / All) BEAR_AND: let's see it
(48:53 / All) BEAR_AND: DOUBLE TALISMAN OF EVASIONM
(48:56 / All) BEAR_AND: HOLY SHIT
(52:03 / All) BEAR_AND: cya
(52:25 / All) gtwhatever: u are an idiot really
(52:28 / All) BEAR_AND: why
(52:46 / All) BEAR_AND: u died
(53:01 / All) BEAR_AND: seems like you're bad?
(53:02 / All) BEAR_AND: noob?
(56:50 / All) BEAR_AND: are you winning?
(56:57 / All) gtwhatever: yes
(58:01 / All) gtwhatever: really go and see doctor
(61:25 / All) BEAR_AND: cya
(61:45 / All) gtwhatever: go see doctor idiot
(61:49 / All) BEAR_AND: ???
(61:50 / All) BEAR_AND: what?